[Event "Oberliga Wuerttemberg 2023-24"]
[Site "Wuerttemberg"]
[Date "2024.04.14"]
[Round "9.1"]
[White "Sinz, Bernhard"]
[Black "Schnepp, Gunnar"]
[Result "1-0"]
[ECO "B23"]
[WhiteElo "2336"]
[BlackElo "2233"]
[Annotator "TA"]
[PlyCount "81"]
[EventDate "2024.03.14"]
[EventType "team-tourn"]
[EventCountry "GER"]
[SourceTitle "playchess.com"]
[Source "ChessBase"]
[SourceQuality "1"]
[TimeControl "40/5400+30:1800+30"]

1. e4 c5 2. Nc3 d6 3. d4 cxd4 4. Qxd4 Nc6 5. Qd2 Nf6 6. b3 a6 7. Bb2 e6 8. O-O-O {[%emt 0:00:44] The position is equal.} b5 9. f3 Bb7 10. Kb1 Qc7 11. g4 h6 12. a4 (12. Nge2 $142) 12... b4 13. Na2 O-O-O 14. Qe1 d5 15. e5 Nd7 16. f4 g5 $36 {[%emt 0:02:00][%mdl 2048] Black has the initiative.} 17. fxg5 Ndxe5 18. gxh6 Bxh6 (18... Rxh6 19. g5 Rh8 20. Bg2 $14) 19. h3 (19. Be2 $15) 19... d4 $17 20. Bg2 $2 {[%emt 0:11:44][%mdl 8192] [#]} (20. Nc1 $15) 20... d3 $19 21. cxd3 Rxd3 22. Nc1 Rxd1 23. Qxd1 Rd8 24. Qc2 {[%emt 0:00:57] White is weak on the dark squares} (24. Qe1 $142 Bxc1 25. Bxe5 Nxe5 (25... Qxe5 $2 26. Qxe5 Nxe5 27. Bxb7+ Kxb7 28. Kxc1 $19) 26. Bxb7+ Kxb7 27. Qxc1) 24... Rd2 25. Qh7 Rxb2+ 26. Kxb2 Bxc1+ {[%emt 0:00:08] This pair of bishops is nice.} 27. Kb1 Nd4 {[%emt 0:05:05] Against Nf3} (27... Ng6 28. Ne2 Be3) 28. Bxb7+ Qxb7 $2 (28... Kxb7 $19 29. Qe4+ Nec6) 29. Qh8+ $11 Kd7 30. Qxe5 Nxb3 31. Rh2 {[%emt 0:01:31] [#] Black must now prevent Rf2. The board is on fire.} Bh6 (31... f6 $1 $11 {keeps the balance.} 32. Qg3 (32. Qxf6 Qe4+ 33. Ka2 Bf4 $17) 32... Qe4+ 33. Rc2 Nd4 34. Qc7+ Ke8 35. Kxc1 Qe3+ (35... Qxc2+ $2 36. Qxc2 Nxc2 37. Kxc2 $18) 36. Kb2 Nxc2 (36... Qxg1 37. Qb8+ Kd7 38. Rc7+ Kd6 39. Rc1+ Ke7 40. Qb7+ Kd6 41. Qxb4+ Kd7 42. Qb7+ Kd6 43. Qxa6+ Ke5 44. Rxg1) 37. Qc6+ Kf7 38. Qxc2 Qxg1) 32. g5 (32. Kb2 $16 Nd2 33. Qd4+ Ke8 34. Rxd2 Bxd2 35. Qxd2) 32... Qb6 $2 (32... Bf8 $11 33. Rf2 Qc6) 33. Nf3 (33. gxh6 $142 Qxg1+ 34. Kc2) 33... Bf8 $18 34. Rc2 {[%emt 0:00:48] aiming for Qf6.} Qb7 $2 (34... Bd6 35. Qf6 Qe3 36. Qxf7+ Kd8) 35. Qe3 Na5 36. Ne5+ Ke8 37. g6 fxg6 38. Nxg6 (38. Qd3 $142 Bh6 39. Qxg6+ (39. Nxg6 $2 {is the wrong capture.} Qh1+ 40. Ka2 b3+ 41. Ka3 bxc2 $19) 39... Ke7 40. Qxh6 (40. Nc6+ Qxc6 41. Rxc6 Nxc6 $18) 40... Qh1+ 41. Kb2 Nc4+ 42. Nxc4 (42. Rxc4 Qh2+ 43. Kb1 Qh1+ 44. Qc1 Qxc1+ 45. Rxc1 Kf6 $18) 42... Qf3 43. Qg7+ Qf7 44. Qd4) 38... Qd7 39. Nxf8 {[%emt 0:01:01] White mates.} Kxf8 40. Qf4+ Ke8 41. Qb8+ {[%emt 0:30:14] Weighted Error Value: White=0.85/Black=0.96.  Loses game:     	White=1     	Black=1      Missed win:     	---       	Black=1      Mistake:       	White=5     	Black=3      Inaccurate:     	White=4     	Black=2      OK:         	White=12    	Black=7      Best:        	White=3     	Black=6} 1-0

[Event "Oberliga Wuerttemberg 2023-24"]
[Site "Wuerttemberg"]
[Date "2024.04.14"]
[Round "9.2"]
[White "Ramirez Marin, Ivan"]
[Black "Fischer, Andre"]
[Result "1-0"]
[ECO "E49"]
[WhiteElo "2271"]
[BlackElo "2248"]
[Annotator "RC"]
[PlyCount "199"]
[EventDate "2024.03.14"]
[EventType "team-tourn"]
[EventCountry "GER"]
[SourceTitle "playchess.com"]
[Source "ChessBase"]
[SourceQuality "1"]
[TimeControl "40/5400+30:1800+30"]

1. d4 Nf6 2. c4 e6 3. Nc3 Bb4 4. e3 d5 5. a3 Bxc3+ 6. bxc3 c5 7. cxd5 exd5 8. Bd3 O-O 9. Ne2 b6 10. O-O Ba6 11. Bxa6 Nxa6 12. f3 Re8 13. Ng3 Nb8 14. Ra2 Nc6 15. Re2 Qd7 16. Qd3 Rad8 17. Bb2 h5 18. Nh1 Re6 19. Nf2 Qe7 20. a4 c4 21. Qd2 Re8 22. Rfe1 Qd7 23. e4 Ne7 24. e5 Nh7 25. Qc2 Nf8 26. Ba3 Nfg6 27. Nh3 Rc6 28. Bxe7 Rxe7 29. Ng5 Nf8 30. f4 g6 31. Rf1 Qf5 32. Qxf5 gxf5 33. Nf3 Ng6 34. g3 Rb7 35. Rb2 Kf8 36. Rfb1 a6 37. Nd2 Ne7 38. Nf1 Ke8 39. Ne3 Kd7 40. Kf2 Kc7 41. h3 Rb8 42. Kf3 Rh8 43. Rg1 Rg6 44. Ng2 Rb8 45. Nh4 Rh6 46. Rgb1 Rg8 47. Kf2 Rf8 48. Nf3 Nc8 49. Ng5 Kc6 50. Re2 Kd7 51. Rbe1 Ke7 52. Kf3 Rg8 53. Rg2 Rf8 54. Ke3 Kd7 55. Ke2 Ne7 56. Kf3 Nc8 57. Rge2 Ke7 58. g4 hxg4+ 59. hxg4 fxg4+ 60. Kxg4 Rfh8 61. f5 Rh2 62. f6+ Kf8 63. e6 Rxe2 64. Rxe2 Nd6 65. e7+ Ke8 66. Rb2 Rh6 67. Rxb6 Rxf6 68. Rxa6 Kxe7 69. Ra7+ Ke8 70. Ra5 Rg6 71. Kf4 f6 72. Ne6 Ne4 73. Nc7+ Kd7 74. Nxd5 Nd6 75. Ra7+ Kd8 76. Nb6 Ke8 77. Rc7 Rg1 78. Nxc4 Rf1+ 79. Ke3 Nf5+ 80. Ke4 Ng3+ 81. Kd5 f5 82. Ke6 Kd8 83. Rg7 f4 84. Ne5 Ne4 85. a5 f3 86. a6 f2 87. Nd3 Ra1 88. Nxf2 Rxa6+ 89. Ke5 Nxc3 90. Nd3 Ra5+ 91. Nc5 Na4 92. Kd6 Ke8 93. Re7+ Kf8 94. Re3 Nb6 95. Rf3+ Kg8 96. Ke6 Ra1 97. Rg3+ Kh7 98. Ne4 Re1 99. Kf7 Kh6 100. Rh3# 1-0

[Event "Oberliga Wuerttemberg 2023-24"]
[Site "Wuerttemberg"]
[Date "2024.04.14"]
[Round "9.3"]
[White "Oberst, Thomas"]
[Black "Peng, Xiang-Tobias"]
[Result "0-1"]
[ECO "D02"]
[WhiteElo "2227"]
[BlackElo "2187"]
[Annotator "TA"]
[PlyCount "92"]
[EventDate "2024.03.14"]
[EventType "team-tourn"]
[EventCountry "GER"]
[SourceTitle "playchess.com"]
[Source "ChessBase"]
[SourceQuality "1"]
[TimeControl "40/5400+30:1800+30"]

1. Nf3 d5 2. g3 c5 3. Bg2 Nc6 4. d4 e6 5. O-O cxd4 6. Nxd4 Bc5 7. Nxc6 bxc6 {[%emt 0:00:01] [#]} 8. c4 $1 Ne7 (8... Nf6 9. Qc2) 9. Nc3 O-O 10. cxd5 {[%emt 0:25:29] White is slightly better.} cxd5 11. Bf4 Ng6 12. Bd2 Rb8 13. Rb1 Ba6 14. a3 d4 15. Na4 d3 16. e3 (16. Nxc5 $2 {loses.} dxe2 17. Nxa6 exd1=B $19 (17... exd1=Q $2 18. Rfxd1 Rc8 19. Bb4 $19)) 16... Be7 17. f4 Qd7 18. b4 Rfc8 $36 {[%emt 0:01:44][%mdl 2048] Dodges Nc5. White is under pressure.} 19. Nc3 Bb7 20. Bxb7 Rxb7 21. Qf3 Rbc7 22. Rb3 f5 23. b5 ({Better is} 23. e4 $1 $15) 23... Bf6 $17 {[%emt 0:02:45] Black is more active.} 24. Na4 {[%emt 0:00:42][%mdl 8192] This costs White the game.} (24. Nb1 $17) 24... Rc4 $19 25. Rb4 Rxb4 26. axb4 Qxb5 27. Nc5 {[%emt 0:00:02] [#]} a5 $1 28. Nxe6 (28. Qb7 Qxb7) 28... Rc2 29. Rd1 axb4 30. Bxb4 Qxb4 31. Qd5 (31. Qa8+ Kf7 32. Nd8+ Bxd8 33. Qd5+ Ke7 34. Qxd3) 31... Qe4 32. Rxd3 Qxd5 33. Rxd5 Kf7 34. Nd4 Bxd4 35. Rxd4 {[%emt 0:00:31][%mdl 4096] Endgame. KRN-KR} Re2 36. Rd3 Nf8 37. h4 Ne6 {[%emt 0:00:28] White must now prevent ...h5.} 38. Kf1 Ra2 39. Rd7+ Kf6 40. Rd6 $2 (40. h5) 40... h5 {[%emt 0:00:21] Black is clearly winning.} 41. Rb6 g6 42. Rc6 Kf7 43. Rc4 Ra5 44. e4 fxe4 45. Rxe4 Ra3 46. Kg2 Ng7 {[%emt 0:00:04] Weighted Error Value: White=0.43/Black=0.19 (very precise) .  Loses game:     	White=1     	---        Mistake:       	White=3     	---        Inaccurate:     	White=5     	Black=1      OK:         	White=8     	Black=16     Best:        	---       	Black=1      Brilliant:      	---       	Black=1} 0-1

[Event "Oberliga Wuerttemberg 2023-24"]
[Site "Wuerttemberg"]
[Date "2024.04.14"]
[Round "9.4"]
[White "Tschlatscher, Thomas"]
[Black "Wunder, Niklas"]
[Result "1-0"]
[ECO "D04"]
[WhiteElo "2217"]
[BlackElo "2071"]
[Annotator "RC"]
[PlyCount "81"]
[EventDate "2024.03.14"]
[EventType "team-tourn"]
[EventCountry "GER"]
[SourceTitle "playchess.com"]
[Source "ChessBase"]
[SourceQuality "1"]
[TimeControl "40/5400+30:1800+30"]

1. b3 Nf6 2. Bb2 c5 3. e3 Nc6 4. Nf3 g6 5. Be2 Bg7 6. O-O O-O 7. c4 d5 8. d4 cxd4 9. Nxd4 Nxd4 10. Bxd4 dxc4 11. Bxc4 b6 12. Qe2 Bb7 13. Rd1 Qc7 14. Na3 Rac8 15. Rac1 Qb8 16. f3 Rfd8 17. Qb2 a6 18. b4 b5 19. Bb3 Rxc1 20. Rxc1 Bd5 21. Rc5 Bxb3 22. axb3 Nh5 23. Nc2 e5 24. Bc3 Qd6 25. Ne1 e4 26. Bxg7 Nxg7 27. fxe4 Qd1 28. Rc1 Qd6 29. Qc3 Ne6 30. Nf3 Rd7 31. Qf6 Qd3 32. Rc8+ Rd8 33. Rxd8+ Nxd8 34. Kf2 Ne6 35. Qxf7+ Kxf7 36. Ne5+ Ke7 37. Nxd3 Kd6 38. e5+ Kd5 39. Nf4+ Kxe5 40. Nxe6 Kxe6 41. e4 1-0

[Event "Oberliga Wuerttemberg 2023-24"]
[Site "Wuerttemberg"]
[Date "2024.04.14"]
[Round "9.5"]
[White "Weiss, Oliver"]
[Black "Dudek, Richard"]
[Result "1-0"]
[ECO "A47"]
[WhiteElo "2220"]
[BlackElo "2185"]
[Annotator "RC"]
[PlyCount "81"]
[EventDate "2024.03.14"]
[EventType "team-tourn"]
[EventCountry "GER"]
[SourceTitle "playchess.com"]
[Source "ChessBase"]
[SourceQuality "1"]
[TimeControl "40/5400+30:1800+30"]

1. d4 Nf6 2. Bf4 e6 3. e3 b6 4. Nf3 Bb7 5. Be2 Be7 6. O-O Nh5 7. Bg3 O-O 8. a4 Nxg3 9. hxg3 c5 10. a5 bxa5 11. Nbd2 Nc6 12. c3 Qc7 13. Qa4 Rab8 14. Nb3 d6 15. Nfd2 cxd4 16. exd4 Bd8 17. Rfe1 Bc8 18. Qa3 Bd7 19. Reb1 e5 20. dxe5 dxe5 21. Bf3 Be7 22. Qa2 Bf5 23. Re1 Rb5 24. Qa4 Rfb8 25. Bxc6 Qxc6 26. Rxe5 Qd7 27. Rxb5 Rxb5 28. c4 Rb7 29. c5 Qxa4 30. Rxa4 Be6 31. c6 Rb6 32. Nxa5 Rxb2 33. Nac4 Rb8 34. Rxa7 Bc5 35. Rb7 Rc8 36. c7 Kf8 37. Ne4 Ke7 38. Nxc5 Bxc4 39. Na4 Bd5 40. Ra7 Be6 41. Nb6 1-0

[Event "Oberliga Wuerttemberg 2023-24"]
[Site "Wuerttemberg"]
[Date "2024.04.14"]
[Round "9.6"]
[White "Ludwig, Sebastian"]
[Black "Birkenmaier, Rainer"]
[Result "1/2-1/2"]
[ECO "D45"]
[WhiteElo "1985"]
[BlackElo "2111"]
[Annotator "TA"]
[PlyCount "139"]
[EventDate "2024.03.14"]
[EventType "team-tourn"]
[EventCountry "GER"]
[SourceTitle "playchess.com"]
[Source "ChessBase"]
[SourceQuality "1"]
[TimeControl "40/5400+30:1800+30"]

1. d4 Nf6 2. c4 e6 3. Nf3 d5 4. Nc3 c6 5. e3 Nbd7 6. Qc2 Bd6 7. Bd2 Qe7 8. O-O-O O-O 9. Bd3 (9. e4 $11 dxe4 10. Nxe4) 9... dxc4 $15 10. Bxc4 e5 (10... b5 $5 11. Bd3 a5 $11) 11. h3 b5 12. Bd3 Bb7 13. Ng5 h6 14. Nge4 b4 15. Na4 Nxe4 16. Bxe4 Nf6 17. Bf3 e4 18. Be2 Rfc8 19. Nc5 Bxc5 20. Qxc5 Qxc5+ 21. dxc5 a5 22. a3 bxa3 23. bxa3 Ba6 24. Bxa6 Rxa6 25. Bc3 Nd5 26. Kc2 Rb8 27. Rb1 Rxb1 (27... Rd8 $14) 28. Rxb1 $16 a4 (28... f6 $16 {was necessary.}) 29. Rb8+ $18 Kh7 30. Re8 f5 31. Re6 Kg8 32. g4 f4 33. Rxe4 (33. exf4 $18 {aiming for f5.} Nxf4 34. Rxe4 Nxh3 35. Re7 Nxf2 36. Bd4 (36. Bxg7 Nxg4 37. Bd4 h5 $11) (36. Rxg7+ Kf8 $18)) 33... fxe3 $16 34. fxe3 Kf7 35. Bd2 Ra7 36. Kd3 g5 (36... Nc7 $16 37. Rc4 Nb5) 37. Rd4 $18 Ke7 (37... Rd7 {was called for.} 38. e4 (38. Rxa4 Nf4+ 39. Kc2 Nxh3 $16) 38... Nf6) 38. e4 $18 Nc7 39. Rd6 Nb5 $2 (39... Ne6 40. Rxc6 Ra6 41. Rxa6 (41. Rc8 Kd7 $16) 41... Nxc5+ 42. Kc4 Nxa6) 40. Rxh6 $18 (40. Rxc6 Rd7+ 41. Ke3 Nxa3 $18) 40... Rd7+ 41. Ke2 Nd4+ 42. Kf2 Ne6 43. Rh7+ Ke8 44. Rxd7 Kxd7 45. Be3 Ke7 46. Kg3 Kf6 47. Kf3 Ke5 48. Bf2 Kf6 49. h4 gxh4 50. Bxh4+ Ke5 51. Bf2 $2 ({White should try} 51. Bg3+ $18 Kf6 52. e5+ Kg6 53. Bh4) 51... Ng5+ $11 52. Ke2 Kxe4 53. Be3 Ne6 54. Kd2 Nc7 55. g5 Kf5 56. Kd3 Nb5 57. Bc1 Nc7 $1 58. Kd4 Nd5 $1 59. Bd2 (59. g6 $5 Nc7 $8 60. Kc4 Kxg6 61. Kb4 $11) 59... Nc7 60. Bc1 (60. Kc4 $5 Nd5 $8 61. Kd4 $11) 60... Nd5 $1 61. Kd3 (61. g6 $5 Nc7 $8 62. Kc4 Kxg6 63. Kb4 $11) 61... Nc7 62. Kc3 Nd5+ $1 63. Kd4 Nc7 64. g6 Ne6+ 65. Kc4 Kxg6 66. Kb4 Kf5 67. Be3 Ke4 68. Bg1 Kd5 69. Kxa4 Nxc5+ 70. Kb4 1/2-1/2

[Event "Oberliga Wuerttemberg 2023-24"]
[Site "Wuerttemberg"]
[Date "2024.04.14"]
[Round "9.7"]
[White "Sokratov, Stanislav"]
[Black "Lahouel, Kim-Luca"]
[Result "1-0"]
[ECO "D02"]
[WhiteElo "2146"]
[BlackElo "1970"]
[Annotator "NA RC"]
[PlyCount "65"]
[EventDate "2024.03.14"]
[EventType "team-tourn"]
[EventCountry "GER"]
[SourceTitle "playchess.com"]
[Source "ChessBase"]
[SourceQuality "1"]
[TimeControl "40/5400+30:1800+30"]

1. d4 d5 2. Nf3 e6 3. Bf4 c5 4. e3 Nc6 5. c3 Nf6 6. Nbd2 Qb6 7. Qb3 c4 8. Qc2 Nh5 9. Bg5 f5 10. Bh4 Bd6 11. Be2 Nf6 12. Bxf6 gxf6 13. b3 cxb3 14. axb3 Ne7 15. O-O Bd7 16. c4 Bb8 17. b4 Kf7 18. c5 Qd8 19. b5 e5 20. dxe5 fxe5 21. Qb2 Ng6 22. Rfc1 Be6 23. b6 e4 24. bxa7 Bc7 25. Nd4 Bc8 26. f4 Rg8 27. Nb5 Nxf4 28. exf4 Bxf4 29. Nd6+ Kf8 30. Rc2 Qh4 31. Nf1 Qg5 32. Bb5 h5 33. Nxc8 1-0

[Event "Oberliga Wuerttemberg 2023-24"]
[Site "Wuerttemberg"]
[Date "2024.04.14"]
[Round "9.8"]
[White "Biefel, Christian"]
[Black "Engelhart, Achim"]
[Result "1/2-1/2"]
[ECO "A36"]
[WhiteElo "1920"]
[BlackElo "2104"]
[Annotator "NA RC"]
[PlyCount "24"]
[EventDate "2024.03.14"]
[EventType "team-tourn"]
[EventCountry "GER"]
[SourceTitle "playchess.com"]
[Source "ChessBase"]
[SourceQuality "1"]
[TimeControl "40/5400+30:1800+30"]

1. c4 e5 2. g3 c5 3. Bg2 g6 4. e4 Bg7 5. Ne2 Ne7 6. O-O O-O 7. Nbc3 Nbc6 8. d3 a6 9. f4 d6 10. Be3 Nd4 11. Qd2 Rb8 12. Nd5 Nxd5 1/2-1/2

[Event "Oberliga Wuerttemberg 2023-24"]
[Site "Wuerttemberg"]
[Date "2024.04.14"]
[Round "9.11"]
[White "Hofmann, Martin"]
[Black "Mueller, Ralf"]
[Result "0-1"]
[ECO "D38"]
[WhiteElo "2201"]
[BlackElo "2334"]
[Annotator "TA"]
[PlyCount "62"]
[EventDate "2024.03.14"]
[EventType "team-tourn"]
[EventCountry "GER"]
[SourceTitle "playchess.com"]
[Source "ChessBase"]
[SourceQuality "1"]
[TimeControl "40/5400+30:1800+30"]

1. d4 Nf6 2. Nf3 e6 3. c4 d5 4. cxd5 exd5 5. Bg5 Bb4+ 6. Nc3 h6 7. Bxf6 Qxf6 8. Qa4+ Nc6 9. Ne5 {[%emt 0:03:12] Inhibits Bg4.} ({White should play} 9. e3 $11) 9... Bd7 (9... O-O $15 10. Nxc6 Bxc3+ 11. bxc3 bxc6 (11... Qxc6 12. Qxc6 bxc6 13. e3 $15)) 10. Nxc6 $11 {[%emt 0:25:04] The position is equal.} Bxc3+ 11. bxc3 Bxc6 12. Qc2 O-O 13. e3 Bd7 14. Be2 Qg5 15. Bf3 Bb5 16. h4 Qd8 17. Rb1 c6 18. a4 Bc4 (18... Ba6 {simplifies} 19. Be2 Bxe2 20. Qxe2 Rb8) 19. Rxb7 (19. Be2 {simplifies} Bxe2 20. Qxe2 Rb8 21. g3) 19... Qa5 20. Kd2 (20. Rb1 {simplifies} Qa6 21. Be2 Bxe2 22. Qxe2 Qxa4 23. O-O) 20... c5 $1 21. dxc5 Rad8 22. Qb2 Qxc5 (22... Qxa4 $6 23. Ra1 Qc6 24. Raxa7 $16) 23. Qb4 Qc6 24. Rb1 Qf6 25. Rh1 (25. Rxa7 $2 {too greedy.} Qxh4 26. Re7 Qxf2+ 27. Kd1 Rde8 28. Rxe8 Rxe8 $19) (25. Qc5 $1 $11) 25... Ba6 $1 $15 26. Rxa7 {[%emt 0:03:44] [#]} ({Better is} 26. Rb5 $1 $15) 26... Rb8 $1 $17 27. Qd4 {[%emt 0:00:50] [#] White does not recover from this.} (27. Rxa6 $17 Qxa6 28. Qa3) 27... Rb2+ $1 $19 28. Ke1 {[%emt 0:01:54] Qxf6 would now be deadly.} Qg6 29. e4 $2 (29. Qxd5 {is a self mate.} Qc2) (29. Rxa6 Qxa6 30. Rh3 Rb1+ 31. Bd1) 29... dxe4 30. Bxe4 Re2+ 31. Kd1 Rxe4 {[%emt 0:00:11] Weighted Error Value: White=0.46/Black=0.06 (flawless) .  Mistake:       	White=5     	Black=1      Inaccurate:     	White=1     	---        OK:         	White=7     	Black=5      Best:        	White=1     	Black=3      Strong:       	---       	Black=4} ({Inferior is} 31... Qxe4 32. Qxe4 (32. Rxa6 $2 Qc2#) 32... Rxe4 33. Rxa6 $14) 0-1

[Event "Oberliga Wuerttemberg 2023-24"]
[Site "Wuerttemberg"]
[Date "2024.04.14"]
[Round "9.13"]
[White "Gabriel, Robert"]
[Black "Schroeter, Samuel"]
[Result "0-1"]
[ECO "B27"]
[WhiteElo "2161"]
[BlackElo "2135"]
[Annotator "TA"]
[PlyCount "116"]
[EventDate "2024.03.14"]
[EventType "team-tourn"]
[EventCountry "GER"]
[SourceTitle "playchess.com"]
[Source "ChessBase"]
[SourceQuality "1"]
[TimeControl "40/5400+30:1800+30"]

1. d4 g6 2. e4 Bg7 3. Nc3 c5 4. Nf3 Nc6 5. d5 Nd4 6. Bd2 $146 {[%emt 0:05:00] B27: Sicilian: 2 Nf3, unusual Black 2nd moves.} ({Predecessor:} 6. Be3 Qb6 7. Rb1 Nxf3+ 8. gxf3 a6 9. h4 h5 10. Qd2 d6 11. Be2 Qa5 12. f4 Nf6 {0-1 Papp,P (2318)-Luczak,F (2332) Titled Tuesday intern op 26th Sep Late blitz 2023 (1)}) 6... d6 7. Be2 Nxe2 8. Qxe2 Nf6 9. O-O O-O 10. a4 b6 11. Rfd1 a6 12. h3 Rb8 13. Bf4 Ne8 14. e5 Qd7 15. Bg5 f6 16. e6 Qb7 17. Bf4 b5 18. axb5 axb5 19. Qd2 (19. b4 $11 f5 20. Qe3 cxb4 21. Ra7) 19... b4 $15 20. Ne2 Nc7 21. Nc1 $2 (21. Bh6 $15) 21... Qb5 $19 22. Nb3 Bb7 23. Ra7 Ra8 ({Less strong is} 23... Nxd5 24. Rxb7 Qxb7 25. Qxd5 $15) 24. Rda1 Rxa7 25. Rxa7 Qb6 ({Resist} 25... Nxd5 26. Ra5 Qc6 27. c4 Nxf4 (27... bxc3 $2 28. bxc3 g5 29. Be3 $19) 28. Qxf4) 26. Ra2 Bxd5 27. Be3 Bxe6 28. Qe2 Bf7 29. Nfd2 Ra8 30. Rxa8+ Nxa8 31. g4 Nc7 32. Ne4 Qa6 33. Qd2 Bd5 34. Nexc5 dxc5 35. Bxc5 Qc4 36. f3 e5 37. Bxb4 Ne6 ({Worse is} 37... Bxf3 38. Qd8+ Kf7 39. Qe7+ Kg8 40. Qd8+ Kf7 41. Qd7+ Kg8 42. Qd8+ $11) 38. Kf2 Qb5 39. Qc3 Qb6+ 40. Bc5 Nxc5 41. Qxc5 Qxc5+ 42. Nxc5 Bf8 43. Nd3 Kf7 44. b3 e4 45. fxe4 Bxe4 46. Ke3 Bxd3 47. Kxd3 Ke6 48. Kd4 f5 49. gxf5+ gxf5 50. c4 Bg7+ 51. Ke3 Bc3 52. Kd3 Bb4 53. Kd4 Kd6 54. Kd3 Ke5 55. Ke3 Bc5+ 56. Kf3 h5 57. Kg3 Ke4 58. Kg2 Kf4 0-1

[Event "Oberliga Wuerttemberg 2023-24"]
[Site "Wuerttemberg"]
[Date "2024.04.14"]
[Round "9.14"]
[White "Bauer, Peter"]
[Black "Leitherer, Johannes"]
[Result "0-1"]
[ECO "C82"]
[WhiteElo "2182"]
[BlackElo "1951"]
[Annotator "TA"]
[PlyCount "128"]
[EventDate "2024.03.14"]
[EventType "team-tourn"]
[EventCountry "GER"]
[SourceTitle "playchess.com"]
[Source "ChessBase"]
[SourceQuality "1"]
[TimeControl "40/5400+30:1800+30"]

1. e4 e5 2. Nf3 Nc6 3. Bb5 a6 4. Ba4 Nf6 5. O-O Nxe4 6. d4 b5 7. Bb3 d5 8. dxe5 Be6 9. c3 Bc5 10. Nbd2 O-O 11. Qe2 Bf5 12. Qd3 {[%emt 0:00:07] [#]} Ng3 $1 13. Qxd5 Qxd5 (13... Nxf1 $15 {keeps the upper hand.} 14. Qxc5 Nxd2 15. Bxd2 Na5) 14. Bxd5 $16 {[%emt 0:00:02] White is better.} Nxf1 15. Kxf1 ({White should try} 15. Nb3 $16 Nxe5 (15... Nxh2 $2 16. Kxh2 Rad8 17. Bxc6 $18) 16. Bxa8 (16. Nxc5 $2 {loses.} Rad8 $19)) 15... Bd7 $15 16. Ne4 Bb6 17. Neg5 (17. Be3 $142) 17... h6 18. e6 fxe6 19. Nxe6 Bxe6 20. Bxe6+ Kh8 {[%emt 0:00:11][%cal Oc6e5] Strongly threatening ...Ne5!} 21. Bd5 Rf6 22. Be3 Bxe3 23. fxe3 Re8 24. Kf2 (24. Bxc6 {was called for.} Rxc6 25. Re1) 24... Ne5 $19 25. Kg3 (25. e4 {is a better defense.}) 25... Nxf3 (25... Nd3 $142 26. h3 Nxb2 (26... Rxe3 $2 27. a4 $19)) 26. Bxf3 Rxe3 {[%emt 0:00:21][%mdl 4096] Endgame. KRR-KRB} 27. a4 Rd6 28. axb5 axb5 29. Ra5 c6 30. Ra8+ Kh7 31. Kf4 Re7 32. Rc8 Rf6+ 33. Kg3 Ree6 34. h4 g6 35. Rc7+ Kg8 36. Kg4 Kf8 37. Rh7 h5+ 38. Kg5 (38. Kg3 {might work better.}) 38... Rf7 39. Rxf7+ Kxf7 {[%emt 0:00:06] KR-KB} 40. Kf4 Rf6+ 41. Ke5 Ke7 42. b4 Rf5+ 43. Ke4 Kd6 {[%emt 0:05:49] White must now prevent ...c5.} 44. Ke3 c5 45. Be4 Rf6 46. bxc5+ Kxc5 {[%emt 0:00:08] [#] ...Re6 is the strong threat.} 47. Bd3 Ra6 {[%emt 0:03:54] Hoping for ...Ra3.} 48. Kf4 $2 (48. g3) 48... Ra3 49. Bxg6 Rxc3 {[%emt 0:00:05] aiming for ...b4.} 50. Bxh5 b4 51. Bg6 Kd6 {[%emt 0:01:37] And now ...b3 would win.} 52. g4 b3 53. h5 Ke7 {[%emt 0:00:37] ( -> ...Kf6)} 54. g5 b2 {[%emt 0:02:33] Black mates.} 55. h6 Kf8 56. Bh7 Rh3 57. Ke5 Rh1 58. Kf6 Rf1+ 59. Ke6 b1=Q 60. Bxb1 Rxb1 61. Kf6 Rb6+ 62. Kf5 Kf7 63. h7 Kg7 64. g6 Ra6 {[%emt 0:00:09] Weighted Error Value: White=0.54/Black=0.25 (precise) .  Mistake:       	White=6     	Black=2      Inaccurate:     	White=2     	---        OK:         	White=12    	Black=19     Best:        	White=3     	Black=2} ({Worse is} 64... Rxg6 65. h8=Q+ Kxh8 66. Kxg6 $11) 0-1